 Dungeon Crawl Stone Soup version 0.27-a0-1545-g3eddc1d3d3 (webtiles) character file.

Game seed: 12717129671289697973

161320 HAL9000 the Unseen (level 17, 0/84 HPs)
             Began as a Vine Stalker Brigand on July 13, 2021.
             Was a Follower of Uskayaw.
             Succumbed to a merfolk impaler's poison
             ... on level 3 of the Shoals.
             The game lasted 01:02:57 (25192 turns).

HAL9000 the Unseen (Vine Stalker Brigand)          Turns: 25192, Time: 01:02:57

Health: 0/84       AC: 20    Str: 21    XL:     17   Next: 48%
Magic:  6/30       EV: 11    Int: 14    God:    Uskayaw [*.....]
Gold:   2673       SH: 15    Dex: 15    Spells: 15/32 levels left

rFire    . . .     SeeInvis +   x - +8 Vampire's Tooth {vamp}
rCold    . . .     Faith    +   L - +1 kite shield {AC+3}
rNeg     + . .     Spirit   +   e - +2 troll leather armour {Snorg}
rPois    .         Reflect  .   U - +2 helmet {SInv}
rElec    .         Harm     .   S - scarf {repulsion}
rCorr    .         Rampage  .   j - +0 pair of gloves
Will     ++...                  u - +2 pair of boots
Stlth    +++++++...             C - amulet of faith
HPRegen  2.24/turn              p - ring "Foecan" {Fly rN+ Str+2 Slay+2 SInv}
MPRegen  0.22/turn              B - +4 ring of protection

@: lethally poisoned (0 -> -23), flying, repel missiles
A: fangs 3, regeneration 1, magic shield, antimagic bite, no potion heal 2
}: 1/15 runes: gossamer
a: Renounce Religion, Stomp


You were on level 3 of the Shoals.
You worshipped Uskayaw.
Uskayaw was aware of your devotion.
You visited 6 branches of the dungeon, and saw 29 of its levels.

You collected 2673 gold pieces.

Inventory:

Hand Weapons
 x - the +8 Vampire's Tooth (weapon) {vamp}
   (You found it on level 4 of the Dungeon)

   It inflicts no extra harm, but heals its wielder when it wounds a living foe.
Missiles
 b - 3 boomerangs of dispersal
 d - 75 poisoned darts (quivered)
 h - 21 javelins
 m - a throwing net
 s - 71 boomerangs
Armour
 e - a +2 troll leather armour (worn) {Snorg}
 g - a +1 robe of the Archmagi
 j - a +0 pair of gloves (worn)
 u - a +2 pair of boots (worn)
 E - a +1 robe of cold resistance
 L - a +1 kite shield of protection (worn)
 P - a +2 cloak
 S - a scarf of repulsion (worn)
 U - a +2 helmet of see invisible (worn)
Jewellery
 p - the ring "Foecan" (left hand) {Fly rN+ Str+2 Slay+2 SInv}
   (You found it on level 4 of the Dungeon)

   [ring of flight]

   Str:       It affects your strength (+2).
   Slay:      It affects your accuracy & damage with ranged weapons and melee
   (+2).
   rN:        It protects you from negative energy.
   SInv:      It lets you see invisible.
   Fly:       It grants you flight.
 y - the ring of Ibusuera {Will+ Int+6}
   (You found it on level 1 of the Orcish Mines)

   [ring of intelligence]

   Int:       It affects your intelligence (+6).
   Will:      It increases your willpower.
 B - a +4 ring of protection (right hand)
 C - an amulet of faith (around neck)
 H - a +4 ring of protection
Wands
 A - a wand of iceblast (48)
 D - a wand of mindburst (55)
 F - a wand of digging (7)
 I - a wand of paralysis (10)
 Q - a wand of acid (38)
 R - a wand of polymorph (8)
Scrolls
 a - a scroll of fog
 i - 8 scrolls of teleportation
 k - 4 scrolls of identify
 n - 7 scrolls of amnesia
 o - 3 scrolls of vulnerability
 t - a scroll of enchant armour
 v - a scroll of magic mapping
 z - 2 scrolls of torment
 O - a scroll of enchant weapon
 Y - a scroll of silence
Potions
 c - 6 potions of flight
 f - 11 potions of curing
 l - 2 potions of might
 q - 6 potions of haste
 r - 2 potions of resistance
 J - 3 potions of magic
 M - 3 potions of ambrosia
 N - 3 potions of brilliance
 T - 2 potions of berserk rage
Miscellaneous
 w - a tin of tremorstones (2/2)
 G - a phantom mirror
 K - a box of beasts
 X - a phial of floods


   Skills:
 - Level 7.0 Fighting
 - Level 9.7 Short Blades
 - Level 5.1 Throwing
 - Level 0.7 Dodging
 - Level 18.0 Stealth
 - Level 15.0 Shields
 - Level 8.0 Spellcasting
 + Level 10.1 Hexes
 - Level 6.0 Translocations
 - Level 11.0 Invocations


You had 15 spell levels left.
You knew the following spells:

 Your Spells              Type           Power      Damage    Failure   Level
a - Blink                 Tloc           N/A        N/A       1%          2
b - Invisibility          Hex            17%        N/A       34%         6
c - Silence               Hex/Air        9%         N/A       45%         5
d - Cause Fear            Hex            17%        N/A       2%          4

Your spell library contained the following spells:

 Spells                   Type           Power      Damage    Failure   Level
 Portal Projectile        Hex/Tloc       56%        N/A       1%          3
 Tukima's Dance           Hex            34%        N/A       1%          3
 Inner Flame              Hex/Fire       19%        N/A       5%          3
 Passage of Golubria      Tloc           N/A        N/A       12%         4
 Animate Skeleton         Necr           10%        N/A       14%         1
 Magic Dart               Conj           20%        1d4       14%         1
 Pain                     Necr           20%        1d5       14%         1
 Call Imp                 Summ           5%         N/A       22%         2
 Sublimation of Blood     Necr           2%         N/A       22%         2
 Wereblood                Tmut           5%         N/A       22%         2
 Mephitic Cloud           Conj/Pois/Air  5%         N/A       41%         3
 Ozocubu's Armour         Ice            5%         N/A       41%         3
 Stone Arrow              Conj/Erth      10%        3d7       41%         3
 Vampiric Draining        Necr           2%         2d6       41%         3
 Metabolic Englaciation   Hex/Ice        9%         N/A       45%         5
 Animate Dead             Necr           2%         N/A       82%         4
 Bolt of Magma            Conj/Fire/Erth 2%         4d4       99%         5
 Haunt                    Necr/Summ      2%         N/A       100%        7
 Malign Gateway           Summ/Tloc      7%         N/A       100%        7
 Ozocubu's Refrigeration  Ice            2%         4d5       100%        7
 Summon Hydra             Summ           2%         N/A       100%        7
 Discord                  Hex            17%        N/A       100%        8
 Infestation              Necr           2%         N/A       100%        8
 Lehudib's Crystal Spear  Conj/Erth      2%         10d2      100%        8
 Summon Horrible Things   Summ           2%         N/A       100%        8
 Shatter                  Erth           2%         3d6*      100%        9


Dungeon Overview and Level Annotations

Branches:
Dungeon (12/15)            Temple (1/1) D:7            Lair (6/6) D:11
 Shoals (4/4) Lair:4       Spider (4/4) Lair:4        Slime (0/5) Lair:6
    Orc (2/2) D:11            Elf (0/3) Orc:2

Altars:
Ashenzari
Cheibriados
Dithmenos
Elyvilon
Fedhas
Gozag
Hepliaklqana
Kikubaaqudgha
Makhleb
Nemelex Xobeh
Okawaru
Qazlal
Ru
Sif Muna
Trog
Uskayaw
Vehumet
Wu Jian
Xom
Yredelemnul
Zin
The Shining One
Beogh
Jiyva

Shops:
Orc:1 *   Orc:2 :*([*

Annotations:
D:4 2 runed translucent doors
D:6 1 runed translucent door
Lair:2 3 runed translucent doors, Muuxog's ghost, journeyman KoAr; Ryshrush's ghost, journeyman MiBe; Thargor's ghost, journeyman HOFE; micdi's ghost, journeyman SpEn
Shoals:3 3 runed translucent doors, Cozxiwn's ghost, adept DEEE; Yvvy's ghost, adept HaHu; Zogoutz's ghost, adept MiFi
Spider:1 2 transporters, Lysofif's ghost, adept DrNe


Innate Abilities, Weirdness & Mutations

You have razor-sharp teeth.
Your natural rate of healing is unusually fast.
When hurt, damage is shared between your health and your magic reserves.
Your bite disrupts and absorbs the magic of your enemies.
Potions cannot restore your health.


Message History

Something hits the plant!!
The plant begins to die.
Something hits the plant!!
You hear a shout!
R - a wand of polymorph (8)
Something completely misses the plant.
There are no items here.
The merfolk hits the plant with a +0 trident!
The plant begins to die.
The merfolk impaler hits the plant with a +2 trident of venom!
The plant is poisoned.
A nearby plant withers and dies. x2
The merfolk hits the plant with a +0 trident!
There is a stone staircase leading up here.
A nearby plant withers and dies.
A merfolk impaler comes into view.
It is wielding the +8 morningstar "Orriruo" {vorpal, +Blink Int+8}.
You block the merfolk impaler's attack.
A nearby plant withers and dies.
The merfolk impaler hits you from afar with a +4 vampiric trident!
The merfolk impaler hits you from afar with a +2 trident of venom.
You block the merfolk impaler's attack.
The merfolk impaler hits you from afar with a +2 trident of venom!!
You are poisoned.
You feel extremely sick.
The merfolk impaler hits you with a +4 vampiric trident.
You block the merfolk's attack.
The merfolk impaler hits you with a +2 trident of venom!!
You are more poisoned.
The merfolk impaler hits you with a +4 vampiric trident!
* * * LOW HITPOINT WARNING * * *
There is a stone staircase leading up, spattered with blood here.
* * * LOW HITPOINT WARNING * * *
You feel extremely sick. You block the merfolk impaler's attack.
The merfolk barely misses you.
The merfolk impaler hits you but does no damage.
The merfolk impaler hits you with the +8 morningstar "Orriruo" {vorpal, +Blink Int+8}.
* * * LOW HITPOINT WARNING * * *
The merfolk impaler hits you with a +4 vampiric trident.
* * * LOW HITPOINT WARNING * * *
You fly upwards.
Level annotation: 3 runed translucent doors, Cozxiwn's ghost, adept DEEE; Yvvy's ghost, adept HaHu; Zogoutz's ghost, adept MiFi You die...

≈≈≈≈≈≈≈≈≈≈≈≈≈≈≈≈≈≈≈≈≈≈≈≈≈≈≈≈≈≈≈≈≈
≈≈≈≈≈≈≈≈≈≈≈≈≈≈≈≈≈≈≈≈≈≈≈≈≈≈≈≈≈≈≈≈≈
≈≈≈≈≈≈≈≈≈≈≈≈≈≈≈≈≈≈≈≈≈≈≈≈≈≈≈≈≈≈≈≈≈
≈≈≈≈≈≈≈≈≈≈≈≈≈≈≈≈≈≈≈≈≈≈≈≈≈≈≈≈≈≈≈≈≈
≈≈≈≈≈≈≈≈≈≈≈≈≈≈≈≈≈≈≈≈≈≈≈≈≈≈≈≈≈≈≈≈≈
≈≈≈≈≈≈≈≈≈≈≈≈..≈≈≈≈≈≈≈≈≈≈≈≈≈≈≈≈≈≈.
≈≈≈≈≈≈≈≈≈≈≈≈...≈≈≈≈≈≈≈≈≈≈≈≈≈≈≈≈<#
≈≈≈≈≈≈≈≈≈≈≈....mm≈≈≈≈≈≈≈≈≈≈≈≈≈≈.#
≈≈≈≈≈≈≈......##.@≈≈≈≈≈≈≈≈≈≈≈≈≈≈.#
..≈≈≈≈≈.....###m≈≈≈≈≈≈≈≈≈≈≈≈≈≈≈≈.
..≈≈≈≈≈≈.....[.≈≈≈≈≈≈≈≈≈≈≈≈≈≈≈≈≈≈
...≈...≈≈≈.≈.....≈≈≈≈≈≈≈≈≈≈.≈≈≈P≈
#........≈≈≈.......≈≈≈≈≈≈....≈≈≈≈
#..<≈....≈≈........≈≈≈≈≈≈.###.P≈≈
#.....#........^.##≈≈≈≈≈(.# #.≈PP
......##..<.##..##.≈≈≈≈≈≈.###.PP≈
.#######..........≈≈≈≈≈≈.≈....≈P≈


You could see 3 merfolk impalers.

Vanquished Creatures
  Gastronok (Lair:3)
  A kraken (Shoals:3)
  An orc warlord (Orc:2)
  4 ghost moths (Spider:4)
  5 emperor scorpions
  The ghost of 2tc the Severer, a journeyman FoFi of the Shining One (Orc:1)
  2 entropy weavers
  Snorg (D:10)
  A merfolk javelineer (Shoals:2)
  4 merfolk impalers
  6 hydras
  3 boulder beetles
  A merfolk avatar (Shoals:3)
  A catoblepas (Lair:6)
  An alligator snapping turtle (Shoals:3)
  A death knight (D:12)
  2 two-headed ogres
  Urug (Orc:2)
  4 orc high priests (Orc:2)
  2 sea snakes (Shoals:1)
  A deep elf pyromancer (D:12)
  A necromancer (Lair:4)
  A lindwurm (Lair:6)
  22 harpies
  13 orb spiders
  2 orc knights (Orc:2)
  4 orc sorcerers
  Pikel (D:4)
  11 manticores
  2 fauns (Shoals:2)
  An ugly thing (D:11)
  31 wolf spiders
  4 moths of wrath
  2 cyclopes
  The ghost of twist the Magician, a novice GrIE of Vehumet (D:6)
  11 elephants
  2 water nymphs
  2 merfolk sirens
  6 black mambas
  10 cane toads
  A gargoyle (D:12)
  5 torpor snails
  Psyche (D:8)
  15 komodo dragons
  4 rime drakes (Lair:6)
  18 demonic crawlers
  4 trolls
  3 polar bears
  30 jumping spiders
  14 merfolk
  3 wind drakes (Shoals:3)
  6 hornets (Spider:4)
  Grinder (D:5)
  4 dream sheep
  6 blink frogs
  7 snapping turtles
  64 redbacks
  38 tarantellas
  4 wyverns
  Sigmund (D:3)
  11 water elementals
  34 yaks
  10 basilisks
  2 vampires
  Edmund (D:6)
  An acid dragon (D:10)
  2 wargs
  15 water moccasins
  A swamp drake (Lair:1)
  36 orc warriors
  2 sky beasts
  An ice beast (D:7)
  6 ogres
  A black bear (D:6)
  12 wolves
  4 centaurs
  A phantom (D:4)
  2 lemures (D:3)
  2 kobold brigands
  12 bullfrogs
  11 scorpions
  5 killer bees
  9 wights
  3 electric eels
  5 howler monkeys
  4 centaur zombies
  A jelly (D:5)
  16 orc priests
  A bullfrog skeleton (D:5)
  A gnoll shaman (D:5)
  5 iguanas
  8 orc wizards
  5 yak simulacra (Lair:4)
  3 wolf simulacra (Lair:4)
  3 polar bear simulacra (Lair:4)
  6 gnolls
  7 adders
  3 white imps
  An adder skeleton (D:4)
  A worm (D:3)
  A dart slug (D:4)
  68 orcs
  6 bats
  3 endoplasms
  5 giant cockroaches
  5 goblins
  8 hobgoblins
  4 quokkas
  8 ball pythons
  3 frilled lizards
  14 kobolds
  10 rats
  A butterfly (D:6)
  5 tentacles (Shoals:3)
795 creatures vanquished.

Vanquished Creatures (others)
  A redback (Spider:2)
  A wolf (Lair:1)
  An orc (Orc:2)
  15 fungi
  19 plants
  2 withered plants (Lair:2)
39 creatures vanquished.

Grand Total: 834 creatures vanquished

Notes
Turn   | Place    | Note
-------+----------+-------------------------------------------
     0 | D:1      | HAL9000 the Vine Stalker Brigand began the quest for the
                  | Orb.
     0 | D:1      | Reached XP level 1. HP: 11/11 MP: 2/2
    37 | D:1      | Reached skill level 5 in Stealth
   117 | D:1      | Found a faded altar of an unknown god.
   302 | D:1      | Reached XP level 2. HP: 15/15 MP: 3/3
   783 | D:2      | Found an iron altar of Okawaru.
   923 | D:2      | Reached skill level 6 in Stealth
   923 | D:2      | Reached XP level 3. HP: 18/18 MP: 4/4
   948 | D:2      | Noticed a scorpion
   952 | D:2      | Killed a scorpion
   953 | D:2      | Reached skill level 7 in Stealth
   953 | D:2      | Gained mutation: Your natural rate of healing is unusually
                  | fast. [Vine Stalker growth]
   953 | D:2      | Reached XP level 4. HP: 23/23 MP: 5/5
  1291 | D:3      | Found a glowing golden altar of the Shining One.
  1544 | D:4      | Noticed a lemure
  1545 | D:4      | Noticed a lemure
  1545 | D:4      | Noticed a lemure
  1547 | D:4      | Noticed a lemure
  1623 | D:3      | Killed a lemure
  1899 | D:3      | Reached XP level 5. HP: 26/26 MP: 6/6
  2069 | D:3      | Noticed Sigmund
  2080 | D:3      | Killed Sigmund
  2081 | D:3      | Reached XP level 6. HP: 26/30 MP: 5/7
  2415 | D:4      | Found an ancient bone altar of Kikubaaqudgha.
  2446 | D:4      | Noticed Pikel
  2607 | D:4      | Found a large runed translucent door.
  2609 | D:4      | Found a large runed translucent door.
  3061 | D:4      | Killed Pikel
  3062 | D:4      | Reached XP level 7. HP: 24/34 MP: 2/8
  3162 | D:4      | Found a large runed translucent door.
  3164 | D:4      | Found a large runed translucent door.
  3168 | D:4      | Noticed a two-headed ogre
  3205 | D:4      | Reached skill level 5 in Short Blades
  3209 | D:4      | Got the Compendium of Dislocation and Malediction
  3300 | D:4      | Found the +8 Vampire's Tooth {vamp}
  3317 | D:4      | Reached skill level 5 in Throwing
  3317 | D:4      | Gained mutation: You have razor-sharp teeth. [Vine Stalker
                  | growth]
  3317 | D:4      | Reached XP level 8. HP: 34/38 MP: 9/9
  3642 | D:5      | Entered Level 5 of the Dungeon
  3754 | D:5      | Noticed Grinder
  3778 | D:5      | Killed Grinder
  4462 | D:5      | Reached XP level 9. HP: 41/42 MP: 10/10
  4587 | D:5      | Learned a level 2 spell: Blink
  5062 | D:6      | Found a runed translucent door.
  5092 | D:6      | Found a runed translucent door.
  5189 | D:6      | Found a runed translucent gate.
  5189 | D:6      | Found a runed translucent gate.
  5189 | D:6      | Found a runed translucent gate.
  5189 | D:6      | Noticed twist's ghost (novice GrIE)
  5371 | D:6      | Noticed Edmund
  5392 | D:6      | Killed Edmund
  5540 | D:6      | Reached skill level 8 in Stealth
  5594 | D:6      | Reached skill level 9 in Stealth
  5734 | D:7      | Reached XP level 10. HP: 48/49 MP: 11/11
  5875 | D:7      | Found a staircase to the Ecumenical Temple.
  5885 | Temple   | Entered the Ecumenical Temple
  5988 | Temple   | Became a worshipper of Uskayaw the Reveller
  6016 | D:7      | Reached * piety under Uskayaw
  6021 | D:7      | Reached ** piety under Uskayaw
  6022 | D:7      | Reached skill level 10 in Stealth
  6059 | D:7      | Found a shadowy altar of Dithmenos.
  6391 | D:8      | Found a glowing silver altar of Zin.
  6486 | D:8      | Reached *** piety under Uskayaw
  6611 | D:8      | Noticed Psyche
  6622 | D:8      | Killed Psyche
  6622 | D:8      | Reached **** piety under Uskayaw
  6840 | D:8      | Reached skill level 11 in Stealth
  7296 | D:9      | Found a sparkling altar of Nemelex Xobeh.
  7297 | D:9      | Found an opulent altar of Gozag.
  7341 | D:9      | Reached skill level 5 in Fighting
  7358 | D:9      | Found a bloodstained altar of Trog.
  7377 | D:9      | Reached skill level 12 in Stealth
  7545 | D:9      | Found an iron altar of Okawaru.
  7761 | D:4      | Killed a two-headed ogre
  7762 | D:4      | Reached skill level 1 in Invocations
  7775 | D:4      | Identified the ring "Foecan" {Fly rN+ Str+2 Slay+2 SInv}
  8069 | D:10     | Entered Level 10 of the Dungeon
  8100 | D:10     | Noticed a seven-headed hydra
  8336 | D:10     | Killed a seven-headed hydra
  8337 | D:10     | Reached skill level 13 in Stealth
  8337 | D:10     | Reached XP level 11. HP: 55/55 MP: 12/14
  8355 | D:10     | Reached ***** piety under Uskayaw
  8401 | D:10     | Found a shimmering altar of Xom.
  8457 | D:10     | Reached skill level 14 in Stealth
  8664 | D:10     | Noticed a two-headed ogre
  8775 | D:10     | Noticed Snorg
  8805 | D:10     | Reached ****** piety under Uskayaw
  8909 | D:10     | Killed a two-headed ogre
  8910 | D:10     | Reached skill level 15 in Stealth
  9012 | D:10     | Killed Snorg
  9118 | D:11     | Found a staircase to the Orcish Mines.
  9122 | D:11     | Reached skill level 1 in Shields
  9151 | D:11     | Noticed a cyan ugly thing
  9175 | D:11     | Killed a cyan ugly thing
  9196 | D:11     | Noticed a cyclops
  9206 | D:11     | Noticed a boulder beetle
  9208 | D:11     | Reached XP level 12. HP: 40/60 MP: 10/16
  9214 | D:11     | Found a staircase to the Lair.
  9226 | Lair:1   | Entered Level 1 of the Lair of Beasts
  9261 | Lair:1   | Reached skill level 5 in Shields
  9499 | Lair:1   | Noticed a six-headed hydra
  9506 | Lair:1   | Killed a six-headed hydra
 10194 | Lair:2   | Found a runed translucent gate.
 10196 | Lair:2   | Found a runed translucent gate.
 10197 | Lair:2   | Found a runed translucent gate.
 10198 | Lair:2   | Noticed Thargor's ghost (journeyman HOFE)
 10208 | Lair:2   | Noticed an eight-headed hydra
 10217 | Lair:2   | Killed an eight-headed hydra
 10634 | Lair:2   | Noticed Ryshrush's ghost (journeyman MiBe)
 10635 | Lair:2   | Noticed micdi's ghost (journeyman SpEn)
 10635 | Lair:2   | Noticed Muuxog's ghost (journeyman KoAr)
 11062 | D:6      | Killed twist's ghost
 11063 | D:6      | Reached skill level 10 in Shields
 11744 | Lair:3   | Reached XP level 13. HP: 63/63 MP: 15/17
 12027 | Lair:3   | You fall into a shaft and drop 3 floors!
 12027 | Lair:6   | Entered Level 6 of the Lair of Beasts
 12077 | Lair:6   | Found a staircase to the Slime Pits.
 12080 | Lair:6   | Found a viscous altar of Jiyva.
 12438 | Lair:4   | Got Sif Muna's Disquisition on Supportive Beguiling
 12439 | Lair:4   | Identified the +11 spear "Efowal" {elec, rF+ rCorr Str-4}
 12519 | Lair:4   | Found a hole to the Spider Nest.
 12645 | Lair:4   | Found a staircase to the Shoals.
 13306 | Lair:3   | Noticed Gastronok
 13317 | Lair:3   | Killed Gastronok
 14585 | Lair:6   | Reached XP level 14. HP: 68/68 MP: 18/18
 15999 | Orc:1    | Entered Level 1 of the Orcish Mines
 15999 | Orc:1    | Found Onuzy's Assorted Antiques.
 16057 | Orc:1    | Noticed 2tc's ghost (journeyman FoFi)
 16061 | Orc:1    | Found a transporter.
 16064 | Orc:1    | Found a transporter.
 16592 | Orc:2    | Entered Level 2 of the Orcish Mines
 16600 | Orc:2    | Found Xujoacw's Assorted Antiques.
 16640 | Orc:2    | Noticed Urug
 16676 | Orc:2    | Killed Urug
 16677 | Orc:2    | Reached skill level 15 in Shields
 16687 | Orc:2    | Learned a level 6 spell: Invisibility
 16693 | Orc:2    | Learned a level 5 spell: Silence
 16735 | Orc:2    | Found Jadgh's Antique Armour Shop.
 16951 | Orc:2    | Reached skill level 16 in Stealth
 17055 | Orc:2    | Found Plog's General Store.
 17125 | Orc:2    | Found Kidd's Book Boutique.
 17169 | Orc:2    | Found a staircase to the Elven Halls.
 17281 | Orc:2    | Found Suxufihu's Antique Weapon Emporium.
 17281 | Orc:2    | Noticed an orc warlord
 17846 | Orc:2    | Killed an orc warlord
 17847 | Orc:2    | Reached skill level 17 in Stealth
 18118 | Orc:1    | Killed 2tc's ghost
 18133 | Orc:1    | Identified the ring of Ibusuera {Will+ Int+6}
 18406 | D:12     | Reached skill level 1 in Hexes
 18611 | Spider:1 | Entered Level 1 of the Spider Nest
 18646 | Lair:4   | Reached skill level 1 in Translocations
 18671 | Spider:1 | Reached XP level 15. HP: 72/72 MP: 10/19
 18725 | Spider:1 | You are sucked into a shaft and drop 1 floor!
 18978 | Spider:1 | Reached skill level 5 in Hexes
 19291 | Spider:1 | Found a transporter.
 19294 | Spider:1 | Noticed Lysofif's ghost (adept DrNe)
 19295 | Spider:1 | Found a transporter.
 19313 | Spider:1 | Found the +10 dark maul {vorpal}
 19435 | Spider:2 | Reached skill level 5 in Translocations
 20239 | Spider:3 | Reached skill level 18 in Stealth
 20252 | Spider:3 | Noticed an emperor scorpion
 20258 | Spider:3 | Identified the +2 leather armour "Ymogan" {rCorr Str+2}
 20310 | Spider:3 | Killed an emperor scorpion
 20311 | Spider:3 | Reached skill level 5 in Invocations
 20839 | Spider:3 | Reached XP level 16. HP: 76/80 MP: 20/22
 21012 | Spider:4 | Entered Level 4 of the Spider Nest
 21025 | Spider:4 | Reached skill level 1 in Spellcasting
 21110 | Spider:4 | Learned a level 4 spell: Cause Fear
 21450 | Spider:4 | Reached skill level 5 in Spellcasting
 22192 | Spider:4 | Got a gossamer rune of Zot
 22568 | Shoals:1 | Entered Level 1 of the Shoals
 22613 | Shoals:1 | Identified the +0 leather armour of the Snail {Int+3 Dex+6}
 23013 | Shoals:1 | Reached skill level 10 in Invocations
 23017 | Shoals:1 | Reached XP level 17. HP: 72/84 MP: 24/30
 24261 | Shoals:3 | Noticed Cozxiwn's ghost (adept DEEE)
 24261 | Shoals:3 | Found a runed translucent gate.
 24261 | Shoals:3 | Found a runed translucent gate.
 24261 | Shoals:3 | Found a runed translucent gate.
 24264 | Shoals:3 | Noticed Yvvy's ghost (adept HaHu)
 24264 | Shoals:3 | Noticed Yvvy's ghost (adept HaHu)
 24268 | Shoals:3 | Noticed Zogoutz's ghost (adept MiFi)
 24654 | Shoals:3 | Noticed a kraken
 24673 | Shoals:3 | Killed a kraken
 24933 | Shoals:3 | Reached skill level 10 in Hexes
 25148 | Shoals:4 | Entered Level 4 of the Shoals
 25186 | Shoals:4 | Identified the +8 morningstar "Orriruo" {vorpal, +Blink
                  | Int+8}
 25192 | Shoals:3 | Succumbed to a merfolk impaler's poison

Illustrated notes

Levels and vault maps discovered:
D:1:      minmay_arrival_stone_box, layout_basic,
          shapermc_ecumenical_altar_mp_vishouse, chequers_serial_rivers_room_a,
          chequers_serial_rivers_marsh
D:2:      layout_loops_ring, basic_altar
D:3:      minmay_diamond_boxcup, layout_loops_cross, tso_altar, uniq_sigmund
D:4:      layout_basic, mainiacjoe_overflow_chevrons,
          cheibrodos_sewer_entry_drain, minmay_hollow_rounded_squares,
          uniq_pikel
D:5:      layout_gridville, minmay_hedge_maze, uniq_grinder
D:6:      lemuel_insect_pit, layout_loops_cross, biasface_ghost_orc_armoury,
          uniq_edmund
D:7:      layout_basic, overflow_temple_1_default,
          minmay_temple_entry_large_hall
D:8:      layout_loops_ring, amcnicky_altar_gilded, uniq_psyche
D:9:      layout_basic, trog_butcher_becter, okawaru_altar_gauntlet_db,
          grunt_temple_overflow_opulence
D:10:     layout_basic, mainiacjoe_overflow_catwalk, minmay_between, uniq_snorg
D:11:     layout_basic, erik_lair_dragon, david_orc_3, gauntlet_entry_generic,
          hellmonk_bongcloud_opening
D:12:     layout_roguey, serial_co_window_serial, co_window_paths_b,
          co_window_paths_a, co_window_of_opportunity_a,
          co_window_of_opportunity_a, co_window_paths_b, co_window_corner_a,
          co_window_paths_a, co_window_broadway_a, co_window_corner_ca,
          co_window_cross_3, co_window_paths_c, co_window_cross_4,
          co_window_broadway_b, glass_columns_a
Temple:   dshaligram_water_room_temple
Lair:1:   layout_long_grid, beast_lair_carwin_8, lemuel_fruit_fields,
          grunt_megastairs_4
Lair:2:   layout_layer_cave, gammafunk_ghost_cemetery
Lair:3:   layout_regular_city, lemuel_fruit_fields, infiniplex_staircase_pool,
          lemuel_fruit_fields, serial_bayou_shore_b, uniq_gastronok
Lair:4:   layout_long_grid, shoals_dummy_entry, dummy_spider_entry,
          serial_rivers, chequers_serial_rivers_small_b,
          chequers_serial_rivers_room_a, chequers_serial_rivers_small_3,
          chequers_serial_rivers_room_b, chequers_serial_rivers_small_a,
          chequers_serial_rivers_small_3, eino_house_with_fridge
Lair:5:   layout_gridlike, kennysheep_catoblepas_arena
Lair:6:   hangedman_lair_in_review, layout_misc_corridors, slime_altar_1,
          serial_bayou_shore_a
Shoals:1: layout_shoals
Shoals:2: layout_shoals, nicolae_shoals_elemental_ambush
Shoals:3: layout_shoals, gammafunk_ghost_cemetery
Shoals:4: shoals_end_grunt_garden, layout_shoals, nicolae_shoals_water_booths,
          uniq_nikola, uniq_polyphemus, uniq_kirke
Spider:1: layout_spider_delve, gammafunk_ghost_arena
Spider:2: layout_spider_delve, portal_ice_cave_entry_pillars_four
Spider:3: layout_spider_delve
Spider:4: guppyfry_spider_rune, nicolae_spider_not_touching_you
Orc:1:    layout_diamond_mine, serial_shops, nicolae_shop_waterfront,
          gammafunk_ghost_arena
Orc:2:    grunt_orc_gardens, layout_caves, grunt_orc_garden, grunt_orc_garden,
          grunt_orc_garden, grunt_orc_garden, serial_shops, shop,
          library_closet, uniq_urug

Skill      XL: |  1  2  3  4  5  6  7  8  9 10 11 12 13 14 15 16 17 |
---------------+----------------------------------------------------+-----
Stealth        | 5 6 7 9 13 15 17 18 | 18.0
Short Blades   | 2 3 4 5 8 9 |  9.7
Throwing       | 2 4 5 |  5.1
Fighting       | 3 5 7 |  7.0
Invocations    | 2 4 6 10 11 | 11.0
Shields        | 4 10 13 15 | 15.0
Hexes          | 3 6 7 10 | 10.1
Translocations | 1 6 |  6.0
Spellcasting   | 8 |  8.0
Dodging        | |  0.7

Action                   |  1- 3 |  4- 6 |  7- 9 | 10-12 | 13-15 | 16-18 || total
-------------------------+-------+-------+-------+-------+-------+-------++-------
Melee: Dagger            |    28 |   154 |    34 |       |       |       ||   216
       Bite              |     2 |    37 |    80 |   197 |   624 |   314 ||  1254
       Quick blade       |       |       |   271 |   610 |  1654 |   848 ||  3383
Throw: Dart              |       |    52 |     3 |     9 |    27 |    41 ||   132
       Boomerang         |       |     3 |       |     1 |     1 |       ||     5
       Javelin           |       |       |       |       |       |     1 ||     1
 Cast: Cause Fear        |       |       |       |       |       |     1 ||     1
Invok: Line Pass         |       |       |       |     1 |     4 |     2 ||     7
       Grand Finale      |       |       |       |       |     1 |     1 ||     2
Evoke: Wand              |       |       |       |    12 |     3 |       ||    15
       Phial of floods   |       |       |       |       |     1 |       ||     1
  Use: Scroll            |       |       |     6 |     7 |    18 |     1 ||    32
       Potion            |       |       |       |       |     2 |       ||     2
 Stab: Sleeping          |     8 |    11 |    14 |    31 |    28 |    25 ||   117
       Paralysed         |       |       |       |    27 |    75 |    50 ||   152
       Distracted        |       |       |       |     1 |     5 |     1 ||     7
       Confused          |       |       |       |       |     2 |     1 ||     3
       Held in net/web   |       |       |       |       |       |     2 ||     2
Armor: Robe              |     4 |    39 |    64 |    29 |       |       ||   136
       Troll leather arm |       |       |       |   105 |   418 |   230 ||   753
Dodge: Dodged            |    15 |    82 |    90 |   139 |   311 |   157 ||   794
Block: Kite shield       |       |       |       |    77 |   594 |   366 ||  1037

Table legend: (Time is in decaauts)
 A = Elapsed time spent in this place.
 B = Non-inter-level travel time spent in this place.
 C = Inter-level travel time spent in this place.
 D = Time resting spent in this place.
 E = Time spent auto-exploring this place.
 F = Levels seen in this place.
 G = Mean time per level.
                   A        B        C        D        E       F      G
               +--------+--------+--------+--------+--------+-----+--------+
         Total |  22944 |  20491 |   2453 |    795 |  14655 |  29 |  791.2 |
       Dungeon |   9971 |   8638 |   1333 |    336 |   6262 |  12 |  830.9 |
        Temple |    112 |    103 |      9 |      0 |     72 |   1 |  112.0 |
          Lair |   5622 |   4909 |    713 |     81 |   3857 |   6 |  937.0 |
        Shoals |   2326 |   2245 |     81 |      0 |   1671 |   4 |  581.5 |
   Spider Nest |   2955 |   2817 |    138 |    123 |   1708 |   4 |  738.8 |
  Orcish Mines |   1956 |   1779 |    177 |    255 |   1084 |   2 |  978.0 |
               +--------+--------+--------+--------+--------+-----+--------+

Top non-repeatable levels by time:
     D:4: 1434 daAuts
  Lair:2: 1224 daAuts
     D:6: 1168 daAuts
   Orc:2: 1103 daAuts
     D:3: 1034 daAuts
     D:5: 1005 daAuts
    D:11: 997 daAuts
Spider:4: 953 daAuts
  Lair:4: 923 daAuts
  Lair:3: 918 daAuts
  Lair:1: 915 daAuts
  Lair:6: 865 daAuts
   Orc:1: 853 daAuts
Shoals:2: 829 daAuts
Shoals:3: 802 daAuts
